 Dungeon Crawl Stone Soup version 0.28.0 (webtiles) character file.

Game seed: 15641433142288448570

3091 Anon1729 the Martial Artist (level 9, 0/79 HPs)
             Began as an Octopode Transmuter on Feb 15, 2022.
             Succumbed to a killer bee's poison
             ... on level 7 of the Dungeon.
             The game lasted 00:14:34 (9942 turns).

Anon1729 the Martial Artist (Octopode Transmuter)   Turns: 9942, Time: 00:14:35

Health: 0/79       AC: 24    Str: 10    XL:     9   Next: 89%
Magic:  12/12      EV:  2    Int: 19    God:
Gold:   362        SH:  0    Dex: 12    Spells: 6/12 levels left

rFire   + . .      SeeInvis .     - Unarmed
rCold   + . .      Faith    .   (no shield)
rNeg    + . .      Spirit   .   (helmet currently unavailable)
rPois   +          Reflect  .   (no amulet)
rElec   +          Harm     .   l - ring of wizardry
rCorr   +          Rampage  .   m - ring of willpower
Will    +....      NoTele   +   p - ring of resist corrosion
Stlth   +.........              t - ring of positive energy
HPRegen 0.23/turn               (no ring)
MPRegen 0.13/turn               (no ring)
                                (no ring)
                                (no ring)

@: brilliant, lethally poisoned (0 -> -3), tree-form, resistant
A: stationary, stasis, torment immunity, boosted hp, almost no armour,
(amphibious), 8 rings, (camouflage 1), (gelatinous body 1), (nimble swimmer 1),
(tentacles), screaming 1, subdued magic 1
a: no special abilities


You were on level 7 of the Dungeon.
You were a tree.
You visited 1 branch of the dungeon, and saw 7 of its levels.

You collected 385 gold pieces.
You spent 23 gold pieces at shops.

Inventory:

Jewellery
 l - a ring of wizardry (left branch)
 m - a ring of willpower (right branch)
 p - a ring of resist corrosion (on tentacle)
 t - a ring of positive energy (on tentacle)
Scrolls
 f - 3 scrolls of teleportation
 g - a scroll of brand weapon
 j - 3 scrolls of immolation
 n - a scroll of amnesia
 o - a scroll of silence
Potions
 d - a potion of mutation
 q - 2 potions of might


   Skills:
 - Level 1.5 Fighting
 - Level 2.3 Dodging
 * Level 10.1 Unarmed Combat
 - Level 2.2 Spellcasting
 + Level 6.9 Transmutations
 + Level 7.5 Poison Magic


You had 6 spell levels left.
You knew the following spells:

 Your Spells              Type           Power      Damage    Failure   Level
a - Beastly Appendage     Tmut           64%        N/A       1%          1
b - Wereblood             Tmut           32%        N/A       1%          2
c - Spider Form           Tmut/Pois      34%        N/A       1%          3

Your spell library contained the following spells:

 Spells                   Type           Power      Damage    Failure   Level
 Poisonous Vapours        Pois/Air       38%        N/A       1%          2
 Apportation              Tloc           4%         N/A       6%          1
 Blink                    Tloc           4%         N/A       9%          2
 Corpse Rot               Necr/Air       4%         N/A       9%          2
 Alistair's Intoxication  Tmut/Pois      22%        N/A       9%          5
 Ice Form                 Ice/Tmut       17%        N/A       13%         4
 Lesser Beckoning         Tloc           2%         N/A       17%         3
 Manifold Assault         Tloc           2%         N/A       83%         5


Dungeon Overview and Level Annotations

Branches:
Dungeon (7/15)
 Temple: D:4-7

Altars:
Cheibriados
Makhleb
Ru
The Shining One

Shops:
D:1 *   D:5 [


Innate Abilities, Weirdness & Mutations

You are a tree.
Your roots penetrate the ground, keeping you stationary.
You cannot be teleported.
You are immune to unholy pain and torment.
Your maximum health is greatly increased.
You cannot wear most types of armour.
((You are amphibious.))
You can wear up to eight rings at the same time.
((Your skin changes colour to match your surroundings (Stealth+).))
((Your rubbery body absorbs attacks. (AC +1, EV +1)))
((You are camouflaged when in or above water. (Stealth+)))
((You have tentacles for arms and can constrict up to eight enemies at once.))
You occasionally shout uncontrollably at your foes.
Your spells are a little easier to cast, but a little less powerful.


Message History

It was a scroll of blinking.
* * * LOW HITPOINT WARNING * * *
You feel very sick.
You feel much better.
You feel very sick. The killer bee stings you!
* * * LOW HITPOINT WARNING * * *
You are lethally poisoned!
The killer bee poisons you! The killer bee closely misses you.
As you read the scroll of fear, it crumbles to dust.
You assume a fearsome visage.
The killer bee looks frightened! x3
* * * LOW HITPOINT WARNING * * *
You feel very sick.
You close the door.
* * * LOW HITPOINT WARNING * * *
You feel very sick.
It was a potion of cancellation.
Your magical effects are unravelling.
You feel magically purged.
Your tentacle spike disappears.
You feel a little less mighty now.
Your primal bloodlust has ended.
* * * LOW HITPOINT WARNING * * *
You feel very sick.
It was a potion of brilliance.
You feel clever all of a sudden.
* * * LOW HITPOINT WARNING * * *
You feel sick.
It was a potion of lignification.
You turn into a tree.
Your roots penetrate the ground.
* * * LOW HITPOINT WARNING * * *
You feel sick.
It was a potion of resistance.
You feel protected.
* * * LOW HITPOINT WARNING * * *
You feel sick.
It was a potion of flight.
Your roots keep you in place.
* * * LOW HITPOINT WARNING * * *
You feel sick.
It was a potion of magic.
Magic courses through your body.
You die...

#...........#.# #.# #
#.#####.......# .$# #
#.##.#### ..# # ...##.#
..# # ######'## ..# ###
##..§## ..# #.. ##...§.##
####.## #.. #....§.§##
##.#†..# #..
#......§§♣####......####..
+......§§§+§§yy...........
#......§§§####........###.
##.......## ##.......# #.
##.....## #.#...###...
##y..## #.#...# .## ##+#
#.##### #.# #.#


There were no monsters in sight!

Vanquished Creatures
  Pikel (D:5)
  A water moccasin (D:5)
  An orc warrior (D:7)
  2 ice beasts
  2 ogres
  A necrophage (D:5)
  3 black bears
  2 centaurs
  A lemure (D:5)
  A phantom (D:4)
  A bullfrog (D:7)
  A water moccasin zombie (D:5)
  2 water moccasin skeletons
  2 killer bees (D:7)
  A centaur zombie (D:4)
  2 howler monkeys (D:7)
  3 jellies
  A bullfrog skeleton (D:7)
  5 hounds
  A centaur skeleton (D:6)
  9 orc priests
  3 iguanas
  Natasha (thrice) (D:4)
  4 orc wizards
  A howler monkey zombie (D:7)
  Robin (D:4)
  A howler monkey skeleton (D:6)
  6 adders
  A river rat (D:3)
  A white imp (D:5)
  An ufetubus (D:5)
  2 adder skeletons
  A worm (D:7)
  5 dart slugs
  34 orcs
  4 ball pythons
  5 bats
  3 endoplasms
  A giant cockroach (D:2)
  6 hobgoblins
  4 jackals (D:1)
  3 quokkas
  15 frilled lizards
  16 goblins
  15 kobolds
  11 rats
190 creatures vanquished.

Vanquished Creatures (others)
  An ogre (D:7)
  8 plants (D:3)
9 creatures vanquished.

Grand Total: 199 creatures vanquished

Notes
Turn   | Place    | Note
-------+----------+-------------------------------------------
     0 | D:1      | Anon1729 the Octopode Transmuter began the quest for the
                  | Orb.
     0 | D:1      | Reached XP level 1. HP: 13/13 MP: 3/3
     6 | D:1      | Noticed a redback
     6 | D:1      | Noticed a hound
     6 | D:1      | Noticed a black mamba
     7 | D:1      | Noticed a black bear
   179 | D:1      | Reached XP level 2. HP: 2/18 MP: 3/5
   689 | D:1      | Reached XP level 3. HP: 18/23 MP: 4/6
   692 | D:1      | Learned a level 2 spell: Wereblood
   696 | D:1      | Learned a level 3 spell: Spider Form
   928 | D:1      | Found Fuomo's Assorted Antiques.
   940 | D:1      | Bought a ruby potion for 23 gold pieces
  1864 | D:2      | Reached XP level 4. HP: 21/28 MP: 7/7
  1947 | D:2      | Reached skill level 4 in Unarmed Combat
  2358 | D:2      | You fall into a shaft and drop 2 floors!
  2688 | D:4      | Reached skill level 1 in Poison Magic
  2688 | D:4      | Reached XP level 5. HP: 17/33 MP: 5/8
  3147 | D:4      | Noticed a phantom
  3260 | D:4      | Noticed Natasha
  3267 | D:4      | Killed Natasha
  3415 | D:4      | Killed a phantom
  3416 | D:4      | Reached skill level 5 in Unarmed Combat
  3416 | D:4      | Reached XP level 6. HP: 31/38 MP: 9/9
  3941 | D:4      | Noticed an ice beast
  3946 | D:4      | Noticed Natasha
  3959 | D:4      | Killed Natasha
  4006 | D:4      | Noticed Robin
  4015 | D:4      | Killed Robin
  4038 | D:4      | Reached XP level 7. HP: 20/43 MP: 6/10
  4556 | D:3      | Found a faded altar of an unknown god.
  5592 | D:3      | Reached skill level 6 in Unarmed Combat
  6201 | D:4      | Found a burning altar of Makhleb.
  6242 | D:4      | Noticed Natasha
  6249 | D:4      | Killed Natasha
  6449 | D:5      | Entered Level 5 of the Dungeon
  6458 | D:5      | Noticed Pikel
  6471 | D:5      | Killed Pikel
  6472 | D:5      | Reached skill level 7 in Unarmed Combat
  6472 | D:5      | Reached skill level 5 in Transmutations
  6472 | D:5      | Reached skill level 5 in Poison Magic
  6472 | D:5      | Reached XP level 8. HP: 21/48 MP: 6/11
  6973 | D:5      | Reached skill level 8 in Unarmed Combat
  6979 | D:5      | Found Fiyvat's Armour Boutique.
  7022 | D:5      | Reached XP level 9. HP: 32/53 MP: 12/12
  8250 | D:6      | Reached skill level 9 in Unarmed Combat
  8529 | D:6      | Found a glowing golden altar of the Shining One.
  8622 | D:6      | Found a sacrificial altar of Ru.
  8833 | D:7      | Found a snail-covered altar of Cheibriados.
  9054 | D:7      | HP: 1/53 [bullfrog skeleton (6)]
  9801 | D:7      | Reached skill level 10 in Unarmed Combat
  9928 | D:7      | Gained mutation: You occasionally shout uncontrollably at
                  | your foes. [potion of mutation]
  9928 | D:7      | Gained mutation: Your spells are a little easier to cast,
                  | but a little less powerful. [potion of mutation]
  9938 | D:7      | HP: 2/53 [poisoned by a killer bee]
  9942 | D:7      | Succumbed to a killer bee's poison

Illustrated notes

Levels and vault maps discovered:
D:1:      onia_arrival_zoo_common, layout_basic, serial_shops,
          nicolae_shop_advertising_works [nicolae_subvault_shop_adworks]
D:2:      layout_rooms, st_stairs_6
D:3:      layout_basic, hellmonk_ecumenical_altar_crossroads,
          gup_sewer_entry_bowl, minmay_lizard_king
D:4:      layout_layer_cave, makhleb_heckhound_becter, uniq_natasha, uniq_robin
D:5:      layout_basic, serial_shops, shop,
          nicolae_ossuary_entry_false_entrances, uniq_pikel
D:6:      layout_rooms, mainiacjoe_overflow_six_doors_small, lemuel_doored_altar
D:7:      layout_loops_corners, slow_altar_1, temple_statues,
          kennysheep_big_empty_room, skrybe_limestone_x

Skill      XL: |  1  2  3  4  5  6  7  8  9 |
---------------+----------------------------+-----
Unarmed Combat | 4 5 7 8 10 | 10.1
Poison Magic   | 1 2 3 5 6 7 |  7.5
Transmutations | 3 5 6 |  6.9
Fighting       | |  1.5
Dodging        | |  2.3
Spellcasting   | |  2.2

Action                   |  1- 3 |  4- 6 |  7- 9 || total
-------------------------+-------+-------+-------++-------
Melee: Unarmed           |    70 |   112 |   310 ||   492
       Constrict         |    23 |    13 |    35 ||    71
       Kick              |    20 |    13 |    14 ||    47
       Tentacles         |    13 |    11 |    32 ||    56
       Punch             |     4 |     1 |     9 ||    14
 Cast: Beastly Appendage |    23 |    14 |    16 ||    53
       Wereblood         |       |     1 |     1 ||     2
       Spider Form       |       |     7 |    24 ||    31
 Abil: End Transformatio |       |       |     1 ||     1
Evoke: Wand              |       |       |     2 ||     2
  Use: Scroll            |       |       |    13 ||    13
       Potion            |       |       |    15 ||    15
 Stab: Sleeping          |     5 |     2 |     5 ||    12
Armor: Skin              |     6 |     6 |    23 ||    35
Dodge: Dodged            |    44 |    75 |   272 ||   391
